Islanders vs Blackhawks
Created - June 7, 2022 at 21:14
Goals
|
| Islanders |
1 |
2 |
0 |
0 |
2 |
4 |
| Blackhawks |
0 |
0 |
3 |
0 |
1 |
3 |
|
Shots
|
| Islanders |
13 |
11 |
5 |
6 |
3 |
35 |
| Blackhawks |
9 |
8 |
15 |
0 |
3 |
32 |
|
1st period
1. Islanders , Melker Karlsson 7 (Rick Nash 31) at 0:47
Penalties :
Jakob Silfverberg (Chi) for Holding Stick (Minor) at 8:49
2nd period
2. Islanders , Vladimir Tarasenko 52 (Fedor Tyutin 21, Brock McGinn 18) at 15:26
3. Islanders , Emerson Etem 5 (Andrew Shaw 9, Fedor Tyutin 22) at 18:12
Penalties :
Frans Nielsen (NyI) for Hooking (Minor) at 0:36, Craig Smith (NyI) for Holding (Minor) at 4:43, Corey Perry (Chi) for Interference (Minor) at 8:11, Craig Smith (NyI) for Diving (Minor) at 19:01
3rd period
4. Blackhawks , Calvin de Haan 4 (Nick Bonino 12, Stefan Matteau 1) at 12:17
5. Blackhawks , Jamie McBain 9 (Jakob Silfverberg 30) at 12:31
6. Blackhawks , Jakob Silfverberg 30 (Jamie McBain 48, Johnny Gaudreau 52) at 19:37
Penalties :
Rick Nash (NyI) for Holding (Minor) at 3:20, Matthew Spiller (Chi) for Unsportsmanlike conduct (Minor) at 7:09, Michael Latta (NyI) for Hooking (Minor) at 9:37, Jakob Silfverberg (Chi) for Hooking (Minor) at 12:54
Overtime #1
No Goal
Penalties :
No Penalty
Shootout
Islanders, Vladimir Tarasenko - Stopped by Tuukka Rask
Blackhawks, Johnny Gaudreau - Stopped by Keith Kinkaid
Islanders, Rick Nash - Goal!
Blackhawks, Jakob Silfverberg - Goal!
Islanders, Frans Nielsen - Goal!
Blackhawks, Antoine Roussel - Stopped by Keith Kinkaid
Penalties :
No Penalty
Goalie Stats
Keith Kinkaid (NyI), 29 saves from 32 shots - (0.906), W, 8-8-2, 65:00 minutes
Tuukka Rask (Chi), 32 saves from 35 shots - (0.914), OTL, 25-23-9, 64:12 minutes
Players Stats for Islanders
Player Name G A P +/- PIM S H SB GA TA FO MP PP MP PK MP
------------------------------------------------------------------------------------
Andrew Shaw 0 1 1 1 0 1 0 0 0 0 0/0 7:22 0:04 0:00
Brock McGinn 0 1 1 0 0 1 7 0 0 0 0/1 19:02 3:23 1:40
Craig Smith 0 0 0 0 4 2 2 0 0 0 0/0 13:13 0:00 1:12
Emerson Etem 1 0 1 0 0 4 3 0 0 0 1/1 12:04 4:29 0:23
Fedor Tyutin 0 2 2 2 0 3 1 0 0 0 0/0 22:09 3:44 3:47
Frans Nielsen 0 0 0 -1 2 2 2 0 0 1 14/25 23:00 4:29 2:38
Jiri Hudler 0 0 0 1 0 0 1 1 0 1 1/4 9:36 0:00 2:41
Justin Falk 0 0 0 0 0 0 0 0 0 1 0/0 11:38 0:00 0:00
Marc-Édouard Vlasic 0 0 0 2 0 0 3 2 1 1 0/0 22:09 3:44 3:47
Melker Karlsson 1 0 1 0 0 1 1 0 0 0 9/15 14:36 3:23 0:40
Michael Latta 0 0 0 0 2 1 0 0 0 0 0/8 10:43 0:00 0:00
Nikita Zadorov 0 0 0 0 0 1 0 0 0 1 0/0 12:24 0:00 0:00
Pierre-Edouard Bellemare 0 0 0 0 0 1 1 0 0 1 0/0 10:31 0:00 0:00
Rick Nash 0 1 1 0 2 5 1 0 0 1 0/1 20:57 3:23 4:47
Ryan Ellis 0 0 0 -2 0 4 2 0 0 0 0/0 30:40 4:12 6:08
Sergei Plotnikov 0 0 0 0 0 3 1 1 0 0 0/0 11:48 0:04 0:00
Vladimir Tarasenko 1 0 1 -1 0 4 0 1 4 0 6/13 27:08 4:33 5:49
Yann Sauvé 0 0 0 -2 0 2 4 3 0 0 0/0 31:00 4:12 6:08
Players Stats for Blackhawks
Player Name G A P +/- PIM S H SB GA TA FO MP PP MP PK MP
------------------------------------------------------------------------------------
Alexander Frolov 0 0 0 -1 0 1 0 0 0 1 0/0 11:57 0:07 1:05
Antoine Roussel 0 0 0 0 0 3 0 0 0 0 0/0 17:44 4:00 2:06
Blake Wheeler 0 0 0 -1 0 0 2 0 0 0 0/0 10:51 0:07 0:00
Calvin de Haan 1 0 1 1 0 2 0 0 0 0 0/0 23:19 3:43 2:42
Colby Armstrong 0 0 0 1 0 0 0 0 1 0 0/0 6:48 0:00 0:00
Corey Perry 0 0 0 0 2 1 3 0 0 0 0/2 17:47 4:00 0:52
Derek Roy 0 0 0 0 0 2 1 1 1 0 7/11 19:08 4:00 2:24
Jakob Silfverberg 1 1 2 0 4 6 0 1 1 0 0/0 20:53 5:48 0:00
James Wright 0 0 0 -1 0 1 0 0 0 0 5/7 9:37 0:22 0:00
Jamie McBain 1 1 2 1 0 3 1 0 0 0 0/0 31:08 6:12 4:28
Johnny Gaudreau 0 1 1 0 0 7 4 0 2 0 0/1 26:51 5:48 4:40
Jordan Staal 0 0 0 0 0 0 1 0 1 0 21/43 26:43 5:33 4:45
Matthew Spiller 0 0 0 -2 2 0 0 0 0 0 0/0 9:52 0:00 0:00
Nick Bonino 0 1 1 1 0 2 2 0 0 0 4/4 6:48 0:00 0:00
Radko Gudas 0 0 0 1 0 2 2 1 0 2 0/0 31:08 6:12 4:28
Raphael Diaz 0 0 0 1 0 0 2 0 0 2 0/0 23:50 3:43 3:13
Shane O'Brien 0 0 0 -2 0 1 2 0 0 0 0/0 10:48 0:00 1:01
Stefan Matteau 0 1 1 1 0 1 0 1 1 0 0/0 6:48 0:00 0:00
3 Stars
1 - Jamie McBain (Chi)
2 - Fedor Tyutin (NyI)
3 - Brock McGinn (NyI)
Power Play
Islanders - 0 on 4 Attempt(s) - 0.00%
Blackhawks - 0 on 5 Attempt(s) - 0.00%
Penalty Kill
Islanders - 5 on 5 Attempt(s) - 100.00%
- Score 0 goal in Penalty Kill
Blackhawks - 4 on 4 Attempt(s) - 100.00%
- Score 0 goal in Penalty Kill
Team Stat
Islanders - Hits : 29 - Faceoff Wins : 31 - Blocked Shots : 8 - Penalty Minutes : 10
Blackhawks - Hits : 20 - Faceoff Wins : 37 - Blocked Shots : 4 - Penalty Minutes : 8
Official
Referees : Michael Markovic and TJ Luxmore
Linesman : Bevan Mills and Ryan Gibbons
Game Notes
No Game Note
Finance
Level 1 -- Attendance: 6000 (100.00%) -- Ticket Income $600,000
Level 2 -- Attendance: 5000 (100.00%) -- Ticket Income $300,000
Level 3 -- Attendance: 2000 (100.00%) -- Ticket Income $70,000
Level 4 -- Attendance: 4000 (100.00%) -- Ticket Income $100,000
Luxury Box -- Attendance: 959 (95.90%) -- Ticket Income $191,800
Game was played at the United Center.
Total Attendance: 17959 (99.77%)
Total Ticket Income: $1,261,800
Other Income: $189,270
Total Income: $1,451,070
Islanders
5 vs 5 Forward
Center Left Wing Right Wing Time % Phy DF OF
1 Frans Nielsen Brock McGinn Vladimir Tarasenko 40 1 2 2
2 Melker Karlsson Pierre-Edouard Bellemare Rick Nash 30 1 2 2
3 Michael Latta Sergei Plotnikov Craig Smith 20 1 2 2
4 Jiri Hudler Emerson Etem Andrew Shaw 10 1 2 2
5 vs 5 Defense
Defense Defense Time % Phy DF OF
1 Ryan Ellis Yann Sauvé 40 1 2 2
2 Fedor Tyutin Marc-Édouard Vlasic 30 1 2 2
3 Nikita Zadorov Justin Falk 20 1 2 2
4 Ryan Ellis Yann Sauvé 10 1 2 2
PowerPlay Forward
Center Left Wing Right Wing Time % Phy DF OF
1 Frans Nielsen Emerson Etem Vladimir Tarasenko 60 1 2 2
2 Melker Karlsson Brock McGinn Rick Nash 40 1 2 2
PowerPlay Defense
Defense Defense Time % Phy DF OF
1 Ryan Ellis Yann Sauvé 60 1 2 2
2 Fedor Tyutin Marc-Édouard Vlasic 40 1 2 2
Penalty Kill 4 Players Forward
Center Wing Time % Phy DF OF
1 Vladimir Tarasenko Rick Nash 60 1 2 2
2 Frans Nielsen Craig Smith 40 1 2 2
Penalty Kill 4 Players Defense
Defense Defense Time % Phy DF OF
1 Ryan Ellis Yann Sauvé 60 1 2 2
2 Fedor Tyutin Marc-Édouard Vlasic 40 1 2 2
Penalty Kill - 3 Players Forward
Forward Time % Phy DF OF
1 Vladimir Tarasenko 60 1 2 2
2 Rick Nash 40 1 2 2
Penalty Kill - 3 Players Defense
Defense Defense Time % Phy DF OF
1 Ryan Ellis Yann Sauvé 60 1 2 2
2 Fedor Tyutin Marc-Édouard Vlasic 40 1 2 2
4 vs 4 Forward
Center Wing Time % Phy DF OF
1 Vladimir Tarasenko Rick Nash 60 1 2 2
2 Frans Nielsen Craig Smith 40 1 2 2
4 vs 4 Defense
Defense Defense Time % Phy DF OF
1 Ryan Ellis Yann Sauvé 60 1 2 2
2 Fedor Tyutin Marc-Édouard Vlasic 40 1 2 2
Last Minutes Offensive
Center Left Wing Right Wing Defense Defense
Frans Nielsen Emerson Etem Vladimir Tarasenko Ryan Ellis Yann Sauvé
Last Minutes Defensive
Center Left Wing Right Wing Defense Defense
Frans Nielsen Emerson Etem Vladimir Tarasenko Ryan Ellis Yann Sauvé
Goaltenders
Starting : Keith Kinkaid
Backup : Ryan Miller
Extra Forwards
Normal : Andrew Shaw, Sergei Plotnikov, Jiri Hudler - PP : Andrew Shaw, Sergei Plotnikov - PK : Jiri Hudler
Extra Defensemen
Normal : Nikita Zadorov, Justin Falk, Fedor Tyutin - PP : Nikita Zadorov - PK : Justin Falk, Fedor Tyutin
Penalty Shots
Vladimir Tarasenko, Rick Nash, Frans Nielsen, Craig Smith, Emerson Etem
Scratches
Carl Klingberg (Healthy), Julien Ellis (Healthy)
Blackhawks
5 vs 5 Forward
Center Left Wing Right Wing Time % Phy DF OF
1 Jordan Staal Johnny Gaudreau Jakob Silfverberg 40 1 2 2
2 Derek Roy Antoine Roussel Corey Perry 30 1 2 2
3 James Wright Alexander Frolov Blake Wheeler 20 1 2 2
4 Nick Bonino Stefan Matteau Colby Armstrong 10 1 2 2
5 vs 5 Defense
Defense Defense Time % Phy DF OF
1 Jamie McBain Radko Gudas 40 1 2 2
2 Raphael Diaz Calvin de Haan 30 1 2 2
3 Shane O'Brien Matthew Spiller 20 1 2 2
4 Jamie McBain Radko Gudas 10 1 2 2
PowerPlay Forward
Center Left Wing Right Wing Time % Phy DF OF
1 Jordan Staal Johnny Gaudreau Jakob Silfverberg 60 1 2 2
2 Derek Roy Antoine Roussel Corey Perry 40 1 2 2
PowerPlay Defense
Defense Defense Time % Phy DF OF
1 Jamie McBain Radko Gudas 60 1 2 2
2 Raphael Diaz Calvin de Haan 40 1 2 2
Penalty Kill 4 Players Forward
Center Wing Time % Phy DF OF
1 Jordan Staal Johnny Gaudreau 60 1 2 2
2 Derek Roy Antoine Roussel 40 1 2 2
Penalty Kill 4 Players Defense
Defense Defense Time % Phy DF OF
1 Jamie McBain Radko Gudas 60 1 2 2
2 Raphael Diaz Calvin de Haan 40 1 2 2
Penalty Kill - 3 Players Forward
Forward Time % Phy DF OF
1 Jordan Staal 60 1 2 2
2 Derek Roy 40 1 2 2
Penalty Kill - 3 Players Defense
Defense Defense Time % Phy DF OF
1 Jamie McBain Radko Gudas 60 1 2 2
2 Raphael Diaz Calvin de Haan 40 1 2 2
4 vs 4 Forward
Center Wing Time % Phy DF OF
1 Jordan Staal Johnny Gaudreau 60 1 2 2
2 Derek Roy Antoine Roussel 40 1 2 2
4 vs 4 Defense
Defense Defense Time % Phy DF OF
1 Jamie McBain Radko Gudas 60 1 2 2
2 Raphael Diaz Calvin de Haan 40 1 2 2
Last Minutes Offensive
Center Left Wing Right Wing Defense Defense
Jordan Staal Johnny Gaudreau Jakob Silfverberg Jamie McBain Radko Gudas
Last Minutes Defensive
Center Left Wing Right Wing Defense Defense
Jordan Staal Johnny Gaudreau Jakob Silfverberg Jamie McBain Radko Gudas
Goaltenders
Starting : Tuukka Rask
Backup : Josh Harding
Extra Forwards
Normal : Corey Perry, Derek Roy, Blake Wheeler - PP : Corey Perry, Derek Roy - PK : Corey Perry
Extra Defensemen
Normal : Calvin de Haan, Shane O'Brien, Matthew Spiller - PP : Calvin de Haan - PK : Calvin de Haan, Shane O'Brien
Penalty Shots
Johnny Gaudreau, Jakob Silfverberg, Antoine Roussel, Jordan Staal, Corey Perry
Scratches
Brett Maclean (Healthy), Jay Bouwmeester (Healthy)
% Time on Ice - Islanders
Lines # - Real PCT - Wanted PCT - Time Play
Normal Forward
1 - 34% - 40% - 13:56
2 - 25% - 30% - 10:34
3 - 26% - 20% - 10:43
4 - 15% - 10% - 6:15
Normal Defense
1 - 40% - 40% - 16:43
2 - 30% - 30% - 12:31
3 - 28% - 20% - 11:38
4 - 1% - 10% - 0:36
PP Forward
1 - 57% - 60% - 4:33
2 - 43% - 40% - 3:23
PP Defense
1 - 53% - 60% - 4:12
2 - 47% - 40% - 3:44
PK Forward
1 - 81% - 60% - 7:59
2 - 19% - 40% - 1:56
PK Defense
1 - 62% - 60% - 6:08
2 - 38% - 40% - 3:47
PK3 Forward
1 - 0% - 60%
2 - 0% - 40%
PK3 Defense
1 - 0% - 60%
2 - 0% - 40%
44 Forward
1 - 74% - 60% - 3:41
2 - 26% - 40% - 1:19
44 Defense
1 - 58% - 60% - 2:53
2 - 42% - 40% - 2:07
Last Minute Offensive - 0:00
Last Minute Defensive - 0:41
Total
Forward - 65:00
Defense - 65:00
|
% Time on Ice - Blackhawks
Lines # - Real PCT - Wanted PCT - Time Play
Normal Forward
1 - 35% - 40% - 14:21
2 - 26% - 30% - 10:53
3 - 22% - 20% - 9:15
4 - 16% - 10% - 6:48
Normal Defense
1 - 38% - 40% - 15:47
2 - 35% - 30% - 14:39
3 - 22% - 20% - 9:14
4 - 4% - 10% - 1:37
PP Forward
1 - 60% - 60% - 5:55
2 - 40% - 40% - 4:00
PP Defense
1 - 63% - 60% - 6:12
2 - 37% - 40% - 3:43
PK Forward
1 - 74% - 60% - 5:50
2 - 26% - 40% - 2:06
PK Defense
1 - 66% - 60% - 5:14
2 - 34% - 40% - 2:42
PK3 Forward
1 - 0% - 60%
2 - 0% - 40%
PK3 Defense
1 - 0% - 60%
2 - 0% - 40%
44 Forward
1 - 85% - 60% - 4:15
2 - 15% - 40% - 0:45
44 Defense
1 - 55% - 60% - 2:45
2 - 45% - 40% - 2:15
Last Minute Offensive - 0:52
Last Minute Defensive - 0:00
Total
Forward - 65:00
Defense - 65:00
|
Play-by-Play
1st period
0:01 of 1st period - Frans Nielsen wins face-off versus Johnny Gaudreau in neutral zone.
0:18 of 1st period - Icing by Frans Nielsen.
0:19 of 1st period - Vladimir Tarasenko wins face-off versus Derek Roy in Islanders zone.
0:24 of 1st period - Raphael Diaz is hit by Brock McGinn and loses puck.
0:37 of 1st period - Snap shot by Frans Nielsen.
0:37 of 1st period - Deflect By Brock McGinn.
0:37 of 1st period - Shot Misses the Net.
0:37 of 1st period - Puck is out of play.
0:38 of 1st period - Melker Karlsson wins face-off versus James Wright in Blackhawks zone.
0:47 of 1st period - Snap shot by Melker Karlsson.
0:47 of 1st period - Goal by Melker Karlsson - Islanders : 1 - Blackhawks : 0.
0:48 of 1st period - Nick Bonino wins face-off versus Michael Latta in neutral zone.
1:45 of 1st period - Snap shot by Andrew Shaw.
1:45 of 1st period - Stopped by Tuukka Rask with a rebound.
2:53 of 1st period - Wrist shot by Brock McGinn.
2:53 of 1st period - Stopped by Tuukka Rask with a rebound.
3:09 of 1st period - Vladimir Tarasenko is hit by Raphael Diaz and loses puck.
3:46 of 1st period - Raphael Diaz is hit by Brock McGinn and loses puck.
4:43 of 1st period - Off-side.
4:44 of 1st period - Melker Karlsson wins face-off versus Jordan Staal in neutral zone.
4:53 of 1st period - Slapshot by Rick Nash.
4:53 of 1st period - Stopped by Tuukka Rask without a rebound.
4:54 of 1st period - Jordan Staal wins face-off versus Melker Karlsson in Blackhawks zone.
4:59 of 1st period - Melker Karlsson is hit by Radko Gudas and loses puck.
5:23 of 1st period - Wrist shot by Rick Nash.
5:23 of 1st period - Stopped by Tuukka Rask with a rebound.
5:27 of 1st period - Snap shot by Melker Karlsson.
5:27 of 1st period - Shot Misses the Net.
5:29 of 1st period - Snap shot by Melker Karlsson.
5:29 of 1st period - Shot Misses the Net.
5:31 of 1st period - Snap shot by Pierre-Edouard Bellemare.
5:31 of 1st period - Stopped by Tuukka Rask without a rebound.
5:32 of 1st period - Derek Roy wins face-off versus Michael Latta in Blackhawks zone.
6:05 of 1st period - Colby Armstrong is hit by Ryan Ellis and loses puck.
6:28 of 1st period - Shane O'Brien is hit by Yann Sauvé and loses puck.
6:41 of 1st period - Snap shot by Sergei Plotnikov.
6:41 of 1st period - Stopped by Tuukka Rask without a rebound.
6:42 of 1st period - Derek Roy wins face-off versus Michael Latta in Blackhawks zone.
7:07 of 1st period - Snap shot by Michael Latta.
7:07 of 1st period - Shot Misses the Net.
7:15 of 1st period - Fedor Tyutin is hit by Corey Perry and loses puck.
8:08 of 1st period - Wrist shot by Derek Roy.
8:08 of 1st period - Shot Blocked by Marc-Édouard Vlasic.
8:10 of 1st period - Slapshot by Radko Gudas.
8:10 of 1st period - Shot Misses the Net.
8:12 of 1st period - Snap shot by Radko Gudas.
8:12 of 1st period - Stopped by Keith Kinkaid with a rebound.
8:14 of 1st period - Wrist shot by Jamie McBain.
8:14 of 1st period - Shot Misses the Net.
8:26 of 1st period - Snap shot by Antoine Roussel.
8:26 of 1st period - Deflect By Derek Roy.
8:26 of 1st period - Shot Misses the Net.
8:26 of 1st period - Puck is out of play.
8:27 of 1st period - Melker Karlsson wins face-off versus Jordan Staal in Islanders zone.
8:27 of 1st period - Melker Karlsson is hit by Shane O'Brien.
8:39 of 1st period - Snap shot by Jordan Staal.
8:39 of 1st period - Shot Misses the Net.
8:49 of 1st period - Minor Penalty to Jakob Silfverberg for Holding Stick.
8:50 of 1st period - Frans Nielsen wins face-off versus Jordan Staal in Blackhawks zone.
8:57 of 1st period - Slapshot by Ryan Ellis.
8:57 of 1st period - Shot Misses the Net.
8:59 of 1st period - Slapshot by Yann Sauvé.
8:59 of 1st period - Deflect By Frans Nielsen.
8:59 of 1st period - Shot Misses the Net.
8:59 of 1st period - Puck is out of play.
9:00 of 1st period - Frans Nielsen wins face-off versus Jordan Staal in Blackhawks zone.
9:28 of 1st period - Slapshot by Ryan Ellis.
9:28 of 1st period - Stopped by Tuukka Rask without a rebound.
9:29 of 1st period - Melker Karlsson wins face-off versus Jordan Staal in Blackhawks zone.
9:56 of 1st period - Slapshot by Ryan Ellis.
9:56 of 1st period - Shot Blocked by Radko Gudas.
10:49 of 1st period - Penalty to Jakob Silfverberg is over, Jakob Silfverberg is back on ice.
11:02 of 1st period - Shane O'Brien is hit by Craig Smith and loses puck.
11:16 of 1st period - Off-side.
11:17 of 1st period - Jiri Hudler wins face-off versus James Wright in neutral zone.
11:43 of 1st period - Slapshot by Ryan Ellis.
11:43 of 1st period - Stopped by Tuukka Rask with a rebound.
12:29 of 1st period - Slapshot by Raphael Diaz.
12:29 of 1st period - Shot Blocked by Sergei Plotnikov.
12:59 of 1st period - Calvin de Haan is hit by Brock McGinn.
13:09 of 1st period - Johnny Gaudreau is hit by Brock McGinn and loses puck.
13:46 of 1st period - Snap shot by Emerson Etem.
13:46 of 1st period - Stopped by Tuukka Rask without a rebound.
13:47 of 1st period - Jordan Staal wins face-off versus Jiri Hudler in Blackhawks zone.
14:00 of 1st period - Radko Gudas is hit by Emerson Etem and loses puck.
14:22 of 1st period - Jamie McBain is hit by Brock McGinn and loses puck.
14:49 of 1st period - Wrist shot by Alexander Frolov.
14:49 of 1st period - Stopped by Keith Kinkaid without a rebound.
14:50 of 1st period - Jordan Staal wins face-off versus Melker Karlsson in Islanders zone.
15:05 of 1st period - Snap shot by Jakob Silfverberg.
15:05 of 1st period - Stopped by Keith Kinkaid with a rebound.
15:07 of 1st period - Wrist shot by Shane O'Brien.
15:07 of 1st period - Stopped by Keith Kinkaid without a rebound.
15:08 of 1st period - Derek Roy wins face-off versus Frans Nielsen in Islanders zone.
15:19 of 1st period - Snap shot by Derek Roy.
15:19 of 1st period - Stopped by Keith Kinkaid with a rebound.
16:13 of 1st period - Snap shot by Jakob Silfverberg.
16:13 of 1st period - Deflect By Andrew Shaw.
16:13 of 1st period - Stopped by Keith Kinkaid with a rebound.
16:17 of 1st period - Backhand shot by Jakob Silfverberg.
16:17 of 1st period - Stopped by Keith Kinkaid without a rebound.
16:18 of 1st period - Frans Nielsen wins face-off versus Corey Perry in Islanders zone.
16:20 of 1st period - Icing by Brock McGinn.
16:21 of 1st period - Derek Roy wins face-off versus Frans Nielsen in Islanders zone.
16:22 of 1st period - Snap shot by Antoine Roussel.
16:22 of 1st period - Stopped by Keith Kinkaid with a rebound.
17:16 of 1st period - Justin Falk is hit by Shane O'Brien and loses puck.
17:47 of 1st period - Wrist shot by Sergei Plotnikov.
17:47 of 1st period - Stopped by Tuukka Rask without a rebound.
17:48 of 1st period - Frans Nielsen wins face-off versus Jordan Staal in Blackhawks zone.
18:21 of 1st period - Wrist shot by Rick Nash.
18:21 of 1st period - Stopped by Tuukka Rask with a rebound.
18:23 of 1st period - Snap shot by Melker Karlsson.
18:23 of 1st period - Shot Misses the Net.
18:51 of 1st period - Wrist shot by Nick Bonino.
18:51 of 1st period - Stopped by Keith Kinkaid with a rebound.
19:09 of 1st period - Snap shot by Sergei Plotnikov.
19:09 of 1st period - Stopped by Tuukka Rask with a rebound.
19:23 of 1st period - Frans Nielsen is hit by Blake Wheeler and loses puck.
Goals for this period are 1 for Islanders vs 0 for Blackhawks.
Shots for this period are 13 for Islanders vs 9 for Blackhawks.
2nd period
0:01 of 2nd period - Jordan Staal wins face-off versus Frans Nielsen in neutral zone.
0:10 of 2nd period - Wrist shot by Johnny Gaudreau.
0:10 of 2nd period - Stopped by Keith Kinkaid with a rebound.
0:12 of 2nd period - Slapshot by Radko Gudas.
0:12 of 2nd period - Stopped by Keith Kinkaid without a rebound.
0:13 of 2nd period - Jordan Staal wins face-off versus Frans Nielsen in Islanders zone.
0:36 of 2nd period - Minor Penalty to Frans Nielsen for Hooking.
0:37 of 2nd period - Jordan Staal wins face-off versus Vladimir Tarasenko in Islanders zone.
0:48 of 2nd period - Wrist shot by Johnny Gaudreau.
0:48 of 2nd period - Stopped by Keith Kinkaid without a rebound.
0:49 of 2nd period - Jordan Staal wins face-off versus Rick Nash in Islanders zone.
1:16 of 2nd period - Vladimir Tarasenko is hit by Derek Roy and loses puck.
2:36 of 2nd period - Penalty to Frans Nielsen is over, Frans Nielsen is back on ice.
2:57 of 2nd period - Icing by Alexander Frolov.
2:58 of 2nd period - James Wright wins face-off versus Jiri Hudler in Blackhawks zone.
3:05 of 2nd period - Emerson Etem is hit by Radko Gudas and loses puck.
3:18 of 2nd period - Colby Armstrong is hit by Jiri Hudler and loses puck.
3:27 of 2nd period - Wrist shot by Nick Bonino.
3:27 of 2nd period - Deflect By Andrew Shaw.
3:27 of 2nd period - Stopped by Keith Kinkaid with a rebound.
3:29 of 2nd period - Slapshot by Nick Bonino.
3:29 of 2nd period - Shot Misses the Net.
3:47 of 2nd period - Backhand shot by Colby Armstrong.
3:47 of 2nd period - Shot Blocked by Marc-Édouard Vlasic.
3:49 of 2nd period - Slapshot by Radko Gudas.
3:49 of 2nd period - Deflect By Stefan Matteau.
3:49 of 2nd period - Shot Misses the Net.
3:49 of 2nd period - Puck is out of play.
3:50 of 2nd period - Frans Nielsen wins face-off versus Jordan Staal in Islanders zone.
4:03 of 2nd period - Slapshot by Ryan Ellis.
4:03 of 2nd period - Stopped by Tuukka Rask with a rebound.
4:05 of 2nd period - Snap shot by Brock McGinn.
4:05 of 2nd period - Shot Misses the Net.
4:15 of 2nd period - Jordan Staal is hit by Yann Sauvé.
4:29 of 2nd period - Backhand shot by Johnny Gaudreau.
4:29 of 2nd period - Stopped by Keith Kinkaid with a rebound.
4:43 of 2nd period - Minor Penalty to Craig Smith for Holding.
4:44 of 2nd period - Vladimir Tarasenko wins face-off versus Derek Roy in Islanders zone.
4:44 of 2nd period - Vladimir Tarasenko is hit by Corey Perry.
6:43 of 2nd period - Penalty to Craig Smith is over, Craig Smith is back on ice.
6:58 of 2nd period - Nikita Zadorov is hit by Raphael Diaz and loses puck.
7:13 of 2nd period - Shane O'Brien is hit by Fedor Tyutin and loses puck.
7:24 of 2nd period - Wrist shot by Stefan Matteau.
7:24 of 2nd period - Deflect By Nick Bonino.
7:24 of 2nd period - Shot Misses the Net.
7:24 of 2nd period - Puck is out of play.
7:25 of 2nd period - James Wright wins face-off versus Melker Karlsson in Islanders zone.
7:40 of 2nd period - Blake Wheeler is hit by Pierre-Edouard Bellemare and loses puck.
8:11 of 2nd period - Minor Penalty to Corey Perry for Interference.
8:12 of 2nd period - Jordan Staal wins face-off versus Vladimir Tarasenko in Blackhawks zone.
8:27 of 2nd period - Slapshot by Fedor Tyutin.
8:27 of 2nd period - Shot Misses the Net.
8:29 of 2nd period - Wrist shot by Fedor Tyutin.
8:29 of 2nd period - Deflect By Jamie McBain.
8:29 of 2nd period - Stopped by Tuukka Rask without a rebound.
8:30 of 2nd period - Melker Karlsson wins face-off versus Jordan Staal in Blackhawks zone.
8:35 of 2nd period - Wrist shot by Rick Nash.
8:35 of 2nd period - Shot Misses the Net.
8:37 of 2nd period - Slapshot by Yann Sauvé.
8:37 of 2nd period - Stopped by Tuukka Rask with a rebound.
8:39 of 2nd period - Snap shot by Brock McGinn.
8:39 of 2nd period - Shot Misses the Net.
8:41 of 2nd period - Wrist shot by Yann Sauvé.
8:41 of 2nd period - Stopped by Tuukka Rask without a rebound.
8:42 of 2nd period - Jordan Staal wins face-off versus Frans Nielsen in Blackhawks zone.
10:04 of 2nd period - Jamie McBain is hit by Ryan Ellis and loses puck.
10:11 of 2nd period - Penalty to Corey Perry is over, Corey Perry is back on ice.
10:15 of 2nd period - Yann Sauvé is hit by Corey Perry and loses puck.
10:31 of 2nd period - Icing by Matthew Spiller.
10:32 of 2nd period - Nick Bonino wins face-off versus Michael Latta in Blackhawks zone.
10:37 of 2nd period - Snap shot by Stefan Matteau.
10:37 of 2nd period - Deflect By Nick Bonino.
10:37 of 2nd period - Deflect By Sergei Plotnikov.
10:37 of 2nd period - Shot Misses the Net.
10:37 of 2nd period - Puck is out of play.
10:38 of 2nd period - Melker Karlsson wins face-off versus Jordan Staal in Islanders zone.
10:38 of 2nd period - Melker Karlsson is hit by Johnny Gaudreau.
11:06 of 2nd period - Snap shot by Vladimir Tarasenko.
11:06 of 2nd period - Stopped by Tuukka Rask with a rebound.
11:14 of 2nd period - Wrist shot by Antoine Roussel.
11:14 of 2nd period - Shot Blocked by Vladimir Tarasenko.
11:33 of 2nd period - Off-side.
11:34 of 2nd period - Frans Nielsen wins face-off versus Jordan Staal in neutral zone.
12:06 of 2nd period - Snap shot by Rick Nash.
12:06 of 2nd period - Shot Blocked by Derek Roy.
12:08 of 2nd period - Wrist shot by Rick Nash.
12:08 of 2nd period - Stopped by Tuukka Rask with a rebound.
12:10 of 2nd period - Slapshot by Nikita Zadorov.
12:10 of 2nd period - Stopped by Tuukka Rask without a rebound.
12:11 of 2nd period - Jordan Staal wins face-off versus Frans Nielsen in Blackhawks zone.
13:14 of 2nd period - Stefan Matteau is hit by Marc-Édouard Vlasic and loses puck.
13:27 of 2nd period - Snap shot by Blake Wheeler.
13:27 of 2nd period - Shot Blocked by Jiri Hudler.
13:47 of 2nd period - Icing by Jordan Staal.
13:48 of 2nd period - Jordan Staal wins face-off versus Frans Nielsen in Blackhawks zone.
13:48 of 2nd period - Jordan Staal is hit by Yann Sauvé.
15:22 of 2nd period - Snap shot by Vladimir Tarasenko.
15:22 of 2nd period - Stopped by Tuukka Rask with a rebound.
15:24 of 2nd period - Slapshot by Fedor Tyutin.
15:24 of 2nd period - Shot Blocked by Jakob Silfverberg.
15:26 of 2nd period - Wrist shot by Vladimir Tarasenko.
15:26 of 2nd period - Goal by Vladimir Tarasenko - Islanders : 2 - Blackhawks : 0.
15:27 of 2nd period - Melker Karlsson wins face-off versus Derek Roy in neutral zone.
15:42 of 2nd period - Snap shot by Antoine Roussel.
15:42 of 2nd period - Deflect By Derek Roy.
15:42 of 2nd period - Shot Misses the Net.
15:42 of 2nd period - Puck is out of play.
15:43 of 2nd period - James Wright wins face-off versus Michael Latta in Islanders zone.
16:11 of 2nd period - Icing by Rick Nash.
16:12 of 2nd period - Derek Roy wins face-off versus Melker Karlsson in Islanders zone.
17:40 of 2nd period - Slapshot by Calvin de Haan.
17:40 of 2nd period - Deflect By Ryan Ellis.
17:40 of 2nd period - Stopped by Keith Kinkaid with a rebound.
17:42 of 2nd period - Slapshot by Raphael Diaz.
17:42 of 2nd period - Deflect By Corey Perry.
17:42 of 2nd period - Shot Blocked by Yann Sauvé.
17:42 of 2nd period - Puck is out of play.
17:43 of 2nd period - Jordan Staal wins face-off versus Frans Nielsen in Islanders zone.
17:50 of 2nd period - Jordan Staal is hit by Marc-Édouard Vlasic.
18:12 of 2nd period - Wrist shot by Emerson Etem.
18:12 of 2nd period - Goal by Emerson Etem - Islanders : 3 - Blackhawks : 0.
18:13 of 2nd period - Frans Nielsen wins face-off versus Jordan Staal in neutral zone.
18:33 of 2nd period - Johnny Gaudreau is hit by Frans Nielsen and loses puck.
18:44 of 2nd period - Snap shot by Michael Latta.
18:44 of 2nd period - Stopped by Tuukka Rask with a rebound.
18:47 of 2nd period - Icing by James Wright.
18:48 of 2nd period - James Wright wins face-off versus Michael Latta in Blackhawks zone.
18:48 of 2nd period - James Wright is hit by Sergei Plotnikov.
19:01 of 2nd period - Minor Penalty to Craig Smith for Diving.
19:02 of 2nd period - Jordan Staal wins face-off versus Vladimir Tarasenko in Islanders zone.
19:12 of 2nd period - Snap shot by Jordan Staal.
19:12 of 2nd period - Shot Misses the Net.
19:14 of 2nd period - Wrist shot by Jakob Silfverberg.
19:14 of 2nd period - Stopped by Keith Kinkaid without a rebound.
19:15 of 2nd period - Vladimir Tarasenko wins face-off versus Jordan Staal in Islanders zone.
19:25 of 2nd period - Off-side.
19:26 of 2nd period - Jordan Staal wins face-off versus Vladimir Tarasenko in neutral zone.
19:33 of 2nd period - Snap shot by Johnny Gaudreau.
19:33 of 2nd period - Stopped by Keith Kinkaid without a rebound.
19:34 of 2nd period - Vladimir Tarasenko wins face-off versus Jordan Staal in Islanders zone.
Goals for this period are 2 for Islanders vs 0 for Blackhawks.
Shots for this period are 11 for Islanders vs 8 for Blackhawks.
3rd period
0:01 of 3rd period - Jordan Staal wins face-off versus Vladimir Tarasenko in neutral zone.
0:08 of 3rd period - Ryan Ellis is hit by Johnny Gaudreau and loses puck.
0:53 of 3rd period - Vladimir Tarasenko is hit by Johnny Gaudreau and loses puck.
1:01 of 3rd period - Penalty to Craig Smith is over, Craig Smith is back on ice.
1:18 of 3rd period - Snap shot by Sergei Plotnikov.
1:18 of 3rd period - Shot Hit the Post.
1:48 of 3rd period - Slapshot by Nick Bonino.
1:48 of 3rd period - Deflect By Stefan Matteau.
1:48 of 3rd period - Stopped by Keith Kinkaid without a rebound.
1:49 of 3rd period - Frans Nielsen wins face-off versus Jordan Staal in Islanders zone.
1:54 of 3rd period - Wrist shot by Ryan Ellis.
1:54 of 3rd period - Deflect By Vladimir Tarasenko.
1:54 of 3rd period - Shot Misses the Net.
1:54 of 3rd period - Puck is out of play.
1:55 of 3rd period - Frans Nielsen wins face-off versus Jordan Staal in Blackhawks zone.
1:58 of 3rd period - Wrist shot by Vladimir Tarasenko.
1:58 of 3rd period - Stopped by Tuukka Rask without a rebound.
1:59 of 3rd period - Jordan Staal wins face-off versus Frans Nielsen in Blackhawks zone.
1:59 of 3rd period - Jordan Staal is hit by Brock McGinn.
2:13 of 3rd period - Snap shot by Jakob Silfverberg.
2:13 of 3rd period - Shot Blocked by Yann Sauvé.
2:34 of 3rd period - Snap shot by Johnny Gaudreau.
2:34 of 3rd period - Deflect By Jakob Silfverberg.
2:34 of 3rd period - Stopped by Keith Kinkaid without a rebound.
2:35 of 3rd period - Derek Roy wins face-off versus Melker Karlsson in Islanders zone.
2:38 of 3rd period - Snap shot by Corey Perry.
2:38 of 3rd period - Stopped by Keith Kinkaid with a rebound.
2:46 of 3rd period - Slapshot by Fedor Tyutin.
2:46 of 3rd period - Shot Misses the Net.
2:55 of 3rd period - Icing by Derek Roy.
2:56 of 3rd period - Frans Nielsen wins face-off versus Derek Roy in Blackhawks zone.
3:17 of 3rd period - Slapshot by Antoine Roussel.
3:17 of 3rd period - Stopped by Keith Kinkaid without a rebound.
3:18 of 3rd period - Melker Karlsson wins face-off versus Jordan Staal in Islanders zone.
3:20 of 3rd period - Minor Penalty to Rick Nash for Holding.
3:21 of 3rd period - Jordan Staal wins face-off versus Vladimir Tarasenko in Islanders zone.
3:37 of 3rd period - Slapshot by Jordan Staal.
3:37 of 3rd period - Shot Misses the Net.
3:49 of 3rd period - Snap shot by Derek Roy.
3:49 of 3rd period - Stopped by Keith Kinkaid with a rebound.
4:20 of 3rd period - Marc-Édouard Vlasic is hit by Johnny Gaudreau and loses puck.
5:20 of 3rd period - Penalty to Rick Nash is over, Rick Nash is back on ice.
6:26 of 3rd period - Snap shot by Corey Perry.
6:26 of 3rd period - Shot Hit the Post.
6:28 of 3rd period - Snap shot by James Wright.
6:28 of 3rd period - Shot Hit the Post.
6:30 of 3rd period - Wrist shot by James Wright.
6:30 of 3rd period - Shot Misses the Net.
6:59 of 3rd period - Slapshot by Ryan Ellis.
6:59 of 3rd period - Shot Misses the Net.
7:09 of 3rd period - Minor Penalty to Matthew Spiller for Unsportsmanlike conduct.
7:10 of 3rd period - Emerson Etem wins face-off versus Jordan Staal in Blackhawks zone.
7:25 of 3rd period - Snap shot by Frans Nielsen.
7:25 of 3rd period - Deflect By Emerson Etem.
7:25 of 3rd period - Stopped by Tuukka Rask with a rebound.
7:27 of 3rd period - Slapshot by Marc-Édouard Vlasic.
7:27 of 3rd period - Shot Misses the Net.
7:47 of 3rd period - Jamie McBain is hit by Marc-Édouard Vlasic and loses puck.
8:28 of 3rd period - Icing by Yann Sauvé.
8:29 of 3rd period - Melker Karlsson wins face-off versus Jordan Staal in Islanders zone.
8:36 of 3rd period - Shane O'Brien is hit by Melker Karlsson and loses puck.
9:09 of 3rd period - Penalty to Matthew Spiller is over, Matthew Spiller is back on ice.
9:31 of 3rd period - Wrist shot by James Wright.
9:31 of 3rd period - Stopped by Keith Kinkaid with a rebound.
9:37 of 3rd period - Minor Penalty to Michael Latta for Hooking.
9:38 of 3rd period - Vladimir Tarasenko wins face-off versus Jordan Staal in Islanders zone.
10:56 of 3rd period - Antoine Roussel is hit by Frans Nielsen and loses puck.
11:37 of 3rd period - Penalty to Michael Latta is over, Michael Latta is back on ice.
11:59 of 3rd period - Slapshot by Rick Nash.
11:59 of 3rd period - Stopped by Tuukka Rask without a rebound.
12:00 of 3rd period - Nick Bonino wins face-off versus Melker Karlsson in Blackhawks zone.
12:11 of 3rd period - Snap shot by Stefan Matteau.
12:11 of 3rd period - Shot Misses the Net.
12:13 of 3rd period - Snap shot by Nick Bonino.
12:13 of 3rd period - Shot Misses the Net.
12:15 of 3rd period - Snap shot by Nick Bonino.
12:15 of 3rd period - Shot Misses the Net.
12:17 of 3rd period - Slapshot by Calvin de Haan.
12:17 of 3rd period - Goal by Calvin de Haan - Islanders : 3 - Blackhawks : 1.
12:18 of 3rd period - Frans Nielsen wins face-off versus Jordan Staal in neutral zone.
12:31 of 3rd period - Slapshot by Jamie McBain.
12:31 of 3rd period - Goal by Jamie McBain - Islanders : 3 - Blackhawks : 2.
12:32 of 3rd period - Jordan Staal wins face-off versus Brock McGinn in neutral zone.
12:43 of 3rd period - Jordan Staal is hit by Brock McGinn and loses puck.
12:54 of 3rd period - Minor Penalty to Jakob Silfverberg for Hooking.
12:55 of 3rd period - Jordan Staal wins face-off versus Frans Nielsen in Blackhawks zone.
13:10 of 3rd period - Wrist shot by Johnny Gaudreau.
13:10 of 3rd period - Shot Misses the Net.
13:30 of 3rd period - Snap shot by Ryan Ellis.
13:30 of 3rd period - Stopped by Tuukka Rask with a rebound.
13:50 of 3rd period - Calvin de Haan is hit by Emerson Etem and loses puck.
14:54 of 3rd period - Penalty to Jakob Silfverberg is over, Jakob Silfverberg is back on ice.
15:36 of 3rd period - Backhand shot by Jakob Silfverberg.
15:36 of 3rd period - Shot Misses the Net.
15:52 of 3rd period - Wrist shot by Sergei Plotnikov.
15:52 of 3rd period - Shot Misses the Net.
15:54 of 3rd period - Snap shot by Marc-Édouard Vlasic.
15:54 of 3rd period - Deflect By Craig Smith.
15:54 of 3rd period - Shot Misses the Net.
15:54 of 3rd period - Puck is out of play.
15:55 of 3rd period - Nick Bonino wins face-off versus Jiri Hudler in Blackhawks zone.
16:00 of 3rd period - Yann Sauvé is hit by Nick Bonino.
16:11 of 3rd period - Snap shot by Andrew Shaw.
16:11 of 3rd period - Shot Blocked by Stefan Matteau.
16:21 of 3rd period - Vladimir Tarasenko is hit by Jamie McBain and loses puck.
16:32 of 3rd period - Snap shot by Derek Roy.
16:32 of 3rd period - Shot Misses the Net.
17:28 of 3rd period - Jiri Hudler is hit by Nick Bonino and loses puck.
17:35 of 3rd period - Colby Armstrong is hit by Emerson Etem and loses puck.
17:48 of 3rd period - Slapshot by Emerson Etem.
17:48 of 3rd period - Stopped by Tuukka Rask without a rebound.
17:49 of 3rd period - Derek Roy wins face-off versus Michael Latta in Blackhawks zone.
18:02 of 3rd period - Snap shot by Antoine Roussel.
18:02 of 3rd period - Stopped by Keith Kinkaid with a rebound.
18:04 of 3rd period - Snap shot by Antoine Roussel.
18:04 of 3rd period - Shot Misses the Net.
18:37 of 3rd period - Snap shot by Johnny Gaudreau.
18:37 of 3rd period - Deflect By Ryan Ellis.
18:37 of 3rd period - Stopped by Keith Kinkaid with a rebound.
18:39 of 3rd period - Slapshot by Shane O'Brien.
18:39 of 3rd period - Shot Misses the Net.
18:49 of 3rd period - Blackhawks, Tuukka Rask is pulled from the net.
19:07 of 3rd period - Snap shot by Jamie McBain.
19:07 of 3rd period - Stopped by Keith Kinkaid without a rebound.
19:08 of 3rd period - Jon Cooper call a timeout for Blackhawks.
19:08 of 3rd period - Jordan Staal wins face-off versus Frans Nielsen in Islanders zone.
19:11 of 3rd period - Snap shot by Johnny Gaudreau.
19:11 of 3rd period - Stopped by Keith Kinkaid without a rebound.
19:12 of 3rd period - Frans Nielsen wins face-off versus Jordan Staal in Islanders zone.
19:29 of 3rd period - Snap shot by Jakob Silfverberg.
19:29 of 3rd period - Shot Blocked by Yann Sauvé.
19:31 of 3rd period - Snap shot by Radko Gudas.
19:31 of 3rd period - Shot Misses the Net.
19:33 of 3rd period - Snap shot by Johnny Gaudreau.
19:33 of 3rd period - Stopped by Keith Kinkaid with a rebound.
19:35 of 3rd period - Wrist shot by Jamie McBain.
19:35 of 3rd period - Shot Misses the Net.
19:37 of 3rd period - Snap shot by Jakob Silfverberg.
19:37 of 3rd period - Goal by Jakob Silfverberg - Islanders : 3 - Blackhawks : 3.
19:37 of 3rd period - Tuukka Rask from Blackhawks was sent back in the game.
19:38 of 3rd period - James Wright wins face-off versus Michael Latta in neutral zone.
19:45 of 3rd period - Wrist shot by Blake Wheeler.
19:45 of 3rd period - Shot Misses the Net.
19:47 of 3rd period - Slapshot by Jamie McBain.
19:47 of 3rd period - Stopped by Keith Kinkaid with a rebound.
19:49 of 3rd period - Slapshot by Radko Gudas.
19:49 of 3rd period - Shot Misses the Net.
Goals for this period are 0 for Islanders vs 3 for Blackhawks.
Shots for this period are 5 for Islanders vs 15 for Blackhawks.
Overtime #1
0:01 of 1st overtime period - Jordan Staal wins face-off versus Vladimir Tarasenko in neutral zone.
0:38 of 1st overtime period - Raphael Diaz is hit by Rick Nash and loses puck.
0:45 of 1st overtime period - Rick Nash is hit by Jordan Staal and loses puck.
1:06 of 1st overtime period - Wrist shot by Frans Nielsen.
1:06 of 1st overtime period - Shot Misses the Net.
2:05 of 1st overtime period - Raphael Diaz is hit by Craig Smith and loses puck.
2:14 of 1st overtime period - Wrist shot by Craig Smith.
2:14 of 1st overtime period - Stopped by Tuukka Rask without a rebound.
2:15 of 1st overtime period - Vladimir Tarasenko wins face-off versus Jordan Staal in Blackhawks zone.
2:44 of 1st overtime period - Slapshot by Yann Sauvé.
2:44 of 1st overtime period - Shot Misses the Net.
2:46 of 1st overtime period - Wrist shot by Frans Nielsen.
2:46 of 1st overtime period - Stopped by Tuukka Rask without a rebound.
2:47 of 1st overtime period - Frans Nielsen wins face-off versus Corey Perry in Blackhawks zone.
2:48 of 1st overtime period - Snap shot by Craig Smith.
2:48 of 1st overtime period - Stopped by Tuukka Rask with a rebound.
2:50 of 1st overtime period - Backhand shot by Fedor Tyutin.
2:50 of 1st overtime period - Stopped by Tuukka Rask with a rebound.
2:52 of 1st overtime period - Snap shot by Fedor Tyutin.
2:52 of 1st overtime period - Stopped by Tuukka Rask with a rebound.
2:54 of 1st overtime period - Snap shot by Marc-Édouard Vlasic.
2:54 of 1st overtime period - Shot Misses the Net.
3:02 of 1st overtime period - Snap shot by Frans Nielsen.
3:02 of 1st overtime period - Stopped by Tuukka Rask with a rebound.
4:03 of 1st overtime period - Fedor Tyutin is hit by Blake Wheeler.
4:07 of 1st overtime period - Radko Gudas is hit by Yann Sauvé and loses puck.
Goals for this period are 0 for Islanders vs 0 for Blackhawks.
Shots for this period are 6 for Islanders vs 0 for Blackhawks.
ShootOut
5:00 of 1st overtime period - Round #1.
5:00 of 1st overtime period - Islanders, Vladimir Tarasenko.
5:00 of 1st overtime period - Deke by Vladimir Tarasenko.
5:00 of 1st overtime period - Stopped by Tuukka Rask.
5:00 of 1st overtime period - Blackhawks, Johnny Gaudreau.
5:00 of 1st overtime period - Snap shot by Johnny Gaudreau.
5:00 of 1st overtime period - Stopped by Keith Kinkaid.
5:00 of 1st overtime period - Round #2.
5:00 of 1st overtime period - Islanders, Rick Nash.
5:00 of 1st overtime period - Deke by Rick Nash.
5:00 of 1st overtime period - Goal by Rick Nash.
5:00 of 1st overtime period - Blackhawks, Jakob Silfverberg.
5:00 of 1st overtime period - Wrist shot by Jakob Silfverberg.
5:00 of 1st overtime period - Goal by Jakob Silfverberg.
5:00 of 1st overtime period - Round #3.
5:00 of 1st overtime period - Islanders, Frans Nielsen.
5:00 of 1st overtime period - Backhand shot by Frans Nielsen.
5:00 of 1st overtime period - Goal by Frans Nielsen.
5:00 of 1st overtime period - Blackhawks, Antoine Roussel.
5:00 of 1st overtime period - Deke by Antoine Roussel.
5:00 of 1st overtime period - Stopped by Keith Kinkaid.